 Dungeon Crawl Stone Soup version 0.29.1-15-g9cfb28693d (webtiles) character file.

Game seed: 14066830927419046217

68 protoss039 the Digger (level 4, 33/33 HPs)
             Began as a Demonspawn Earth Elementalist on Mar 12, 2023.
             Got out of the dungeon alive.
             The game lasted 00:01:56 (1605 turns).

protoss039 the Digger (DsEE)                        Turns: 1605, Time: 00:01:56

Health: 33/33      AC:  5    Str:  8    XL:     4   Next: 1%
Magic:  8/8        EV: 10    Int: 18    God:
Gold:   89         SH:  0    Dex: 14    Spells: 7/8 levels left

rFire   . . .      SeeInvis .   k - +1 dagger (elec)
rCold   . . .      Faith    .   (no shield)
rNeg    . . .      Spirit   .   c - +0 ring mail
rPois   .          Reflect  .   (helmet restricted)
rElec   .          Harm     .   (no cloak)
rCorr   .          Rampage  .   (no gloves)
Will    .....                   (no boots)
Stlth   +.........              g - amulet of regeneration
HPRegen 0.91/turn               (no ring)
MPRegen 0.11/turn               (no ring)

@: no status effects
A: horns 1, powered by death 1
a: no special abilities


You escaped.
You visited 1 branch of the dungeon, and saw 2 of its levels.

You collected 89 gold pieces.

Inventory:

Hand Weapons
 k - a +1 dagger of electrocution (weapon)
Armour
 c - a +0 ring mail (worn)
Jewellery
 g - an amulet of regeneration (around neck)
Scrolls
 a - a scroll of poison {unknown}
 e - a scroll of teleportation {unknown}
 i - a scroll of identify {unknown}
 j - a scroll of torment {unknown}
Potions
 b - a potion of magic
 f - 2 potions of curing {unknown}
 h - a potion of degeneration {unknown}


   Skills:
 + Level 1.8 Fighting
 * Level 0.9 Armour
 - Level 1.7 Dodging
 - Level 1.7 Stealth
 + Level 2.7 Spellcasting
 - Level 0.8 Transmutations
 + Level 3.2 Earth Magic


You had 7 spell levels left.
You knew the following spells:

 Your Spells              Type           Power      Damage    Failure   Level
a - Sandblast             Erth           28%        2d8       14%         1

Your spell library contained the following spells:

 Spells                   Type           Power      Damage    Failure   Level
 Passwall                 Tmut/Erth      7%         N/A       32%         2
 Stone Arrow              Conj/Erth      16%        3d8       63%         3
 Petrify                  Tmut/Erth      9%         N/A       91%         4


Dungeon Overview and Level Annotations

Branches:
Dungeon (2/15) Zot: 10380

Altars:


Innate Abilities, Weirdness & Mutations

You have a pair of small horns on your head.
You regenerate a little health from kills.


Message History

The endoplasm quivers.
An endoplasm is nearby!
An endoplasm is nearby!
An endoplasm is nearby!
Casting: Sandblast (safe; 14% risk of failure)
Confirm with . or Enter, or press ? or * to list all spells.
Aiming: Sandblast (safe; 14% risk of failure)
Press: ? - help, Shift-Dir - straight line, f - endoplasm
Aim: an endoplasm (98% to hit)
The blast of sand hits the endoplasm.
The endoplasm is moderately wounded.
Unknown command.
Unknown command.
Casting: Sandblast (safe; 14% risk of failure)
Confirm with . or Enter, or press ? or * to list all spells.
Aiming: Sandblast (safe; 14% risk of failure)
Press: ? - help, Shift-Dir - straight line, f/p - endoplasm
Aim: an endoplasm (moderately wounded, 98% to hit)
The blast of sand hits the endoplasm!
You kill the endoplasm!
You have reached level 4!
You feel agile.
Your demonic ancestry asserts itself...
A pair of horns grows on your head!
Unknown command.
Unknown command.
(D) Dungeon
Where to? (Enter - D:1 @ (x,y), ? - help)
What level of the Dungeon? (default 1, ? - help)
Things that are here:
a rat skeleton; a jackal skeleton
Things that are here:
a +0 short sword; a kobold skeleton; a bat skeleton
There is a stone staircase leading up, spattered with blood here.
You see here a hobgoblin skeleton.
You climb upwards.
There is a stone staircase leading down here.
There is an open door here.
There is a staircase leading out of the dungeon here.
Are you sure you want to leave the Dungeon?
This will make you lose the game!
You have escaped!

### #.# #### #.####
...####.##.# ###
##.#.......# ##@##
###########
.#)#.#..##.####...###
#..........
.#.#.#..##.##^#...#Z#
#.########.
...#.#..##.####...###
#.# #.
.###.#..##.##Z#...#^#
#.########.
........##.####...###
#.##.......
.###....##.##Z#...#^#
#.##.#.....
...#....##.####..####
#..........
##.#....##.##Z#..#^#
####.#.....


You could see a dwarf zombie.

Vanquished Creatures
  3 adders (D:2)
  A worm (D:2)
  A dart slug (D:2)
  2 ball pythons
  A bat (D:2)
  2 endoplasms (D:2)
  2 giant cockroaches
  2 goblins (D:2)
  6 hobgoblins
  3 jackals (D:2)
  3 kobolds
  A quokka (D:2)
  3 frilled lizards (D:1)
  3 rats (D:2)
33 creatures vanquished.

Notes
Turn   | Place    | Note
-------+----------+-------------------------------------------
     0 | D:1      | protoss039 the Demonspawn Earth Elementalist began the
                  | quest for the Orb.
     0 | D:1      | Reached XP level 1. HP: 13/13 MP: 3/3
     4 | D:1      | Noticed a minotaur zombie
   615 | D:1      | Found a faded altar of an unknown god.
   781 | D:2      | Reached skill level 1 in Fighting
   781 | D:2      | Gained mutation: You regenerate a little health from kills.
                  | [demonic ancestry]
   781 | D:2      | Reached XP level 2. HP: 21/21 MP: 0/5
   867 | D:2      | Reached skill level 3 in Earth Magic
  1063 | D:2      | Reached XP level 3. HP: 26/26 MP: 4/6
  1516 | D:2      | Gained mutation: You have a pair of small horns on your
                  | head. [demonic ancestry]
  1516 | D:2      | Reached XP level 4. HP: 33/33 MP: 5/8
  1605 | D:$      | Got out of the dungeon alive.

Illustrated notes

Levels and vault maps discovered:
D:1:      shiori_arrival_whats_in_store_for_you, layout_basic,
          hellmonk_ecumenical_altar_zigzags
D:2:      layout_loops_ring, basic_altar

Skill      XL: |  1  2 |
---------------+-------+-----
Fighting       | 1 |  1.8
Earth Magic    | 3 |  3.2
Armour         | |  0.9
Dodging        | |  1.7
Stealth        | |  1.7
Spellcasting   | |  2.7
Transmutations | |  0.8

Action                   |  1- 3 |  4- 6 || total
-------------------------+-------+-------++-------
Melee: Dagger            |    38 |       ||    38
 Fire: Sling             |     7 |       ||     7
 Cast: Sandblast         |    27 |       ||    27
 Stab: Sleeping          |     2 |       ||     2
Armor: Robe              |     4 |       ||     4
       Ring mail         |     8 |       ||     8
Dodge: Dodged            |    22 |       ||    22
